 Dungeon Crawl Stone Soup version 0.32-a0-643-ga006e7742e (webtiles) character file.

Game seed: 1534714876424917930

40 Esekla the Sneak (level 3, -9/29 HPs)
             Began as a Coglin Delver on Mar 7, 2024.
             Mangled by a gnoll
             ... wielding a +0 halberd
             ... led by a gnoll bouda
              (11 damage)
             ... on level 6 of the Dungeon on Mar 8, 2024.
             The game lasted 00:03:48 (364 turns).

Esekla the Sneak (Coglin Delver)                     Turns: 364, Time: 00:03:48

Health: -9/29      AC:  3    Str: 12    XL:     3   Next: 50%
Magic:  3/3        EV:  6    Int: 11    God:
Gold:   12         SH:  0    Dex: 15    Spells: 2/2 levels left

rFire   . . .        a - +0 hand axe {Miranda}
rCold   . . .        h - +0 hand axe {Yuxuan}
rNeg    . . .        b - +0 leather armour
rPois   .            (no helmet)
rElec   .            (no cloak)
rCorr   .            (no gloves)
SInv    .            (no boots)
Will    .....        (amulet unavailable)
Stlth   +++          (ring unavailable)
HPRegen 0.24/turn    (ring unavailable)
MPRegen 0.08/turn    (no gizmo)

%: no passive effects
@: weakened, held
A: off-hand wielding, slow wielding, warmup strikes, no jewellery
a: Invent Gizmo


You were on level 6 of the Dungeon.
You visited 1 branch of the dungeon, and saw 2 of its levels.

You collected 12 gold pieces.

Inventory:

Hand Weapons
 a - a +0 hand axe (weapon) {Miranda}
 h - a +0 hand axe (offhand) {Yuxuan}
Armour
 b - a +0 leather armour (worn)
Wands
 g - a wand of digging (3)
Scrolls
 c - a scroll of fog
 d - a scroll of revelation
 e - a scroll of fear
 i - a scroll of amnesia {unknown}
Potions
 f - a potion of haste


   Skills:
 + Level 3.3 Fighting
 + Level 2.0 Axes
 + Level 0.2 Armour
 + Level 1.8 Dodging
 + Level 4.8 Stealth


You had 2 spell levels left.
You didn't know any spells.
Your spell library contained the following spells:

 Spells                   Type           Power      Damage    Failure   Level
 Anguish                  Hex/Necr       0%         N/A       99%         4
 Cause Fear               Hex            0%         N/A       99%         4
 Enfeeble                 Hex            0%         N/A       100%        7


Dungeon Overview and Level Annotations

Branches:
Dungeon (6/15)
 Temple: D:4-7

Altars:
Uskayaw

Shops:
D:5 (


Innate Abilities, Weirdness & Mutations

You can wield a second weapon in your off-hand.
It takes a long time for you to wield or remove held weapons.
Your first few attacks do less damage.
You cannot equip rings or amulets.


Message History

You continue attuning to your +0 hand axe. x4
You finish attuning to your +0 hand axe.
You welcome your +0 hand axe "Yuxuan" into your grasp.
There is an open door here.
Found a book of Hexes.
There is an open door here.
You pick up a book of Hexes and begin reading...
You add the spells Anguish, Cause Fear and Enfeeble to your library.
You open the door.
There is an open door here.
As you open the door, it creaks loudly!
Found an escape hatch in the floor.
There is an open door here.
There is an open door here.
Found a scroll labelled OCUEXK GICYLOO.
A gnoll bouda comes into view. It is wielding a +0 whip.
The gnoll bouda barks out a call to the hunt!
You hear a shout!
A gnoll comes into view. It is wielding a +0 halberd.
The gnoll shouts!
The gnoll bouda gazes fiercely through you!
You feel your attacks grow feeble.
You hear a shout!
A gnoll comes into view. It is wielding a +0 halberd.
The gnoll bouda gazes fiercely through you!
You feel as though you will be weak longer.
You hear a shout!
A gnoll comes into view.
It is wielding a +0 spear and quivering 2 throwing nets.
The gnoll bouda gazes fiercely through you!
You feel as though you will be weak longer.
The gnoll attacks as it pursues you!
The gnoll hits you from afar with a +0 halberd!
The gnoll attacks as it pursues you!
The gnoll hits you from afar with a +0 halberd! x2
* * * LOW HITPOINT WARNING * * *
The gnoll throws a throwing net.
The throwing net hits you.
You become entangled in the net!
The gnoll barely misses you. The gnoll attacks as it pursues you!
The gnoll hits you from afar with a +0 halberd!
You die...

#......#...#...............
#......#...#...............
#......#...#...............
#......#...#...............
.......#####.....#########.
.._....# #.....'..>....#
.......# #.....#.......#
#####..# +.....#.......#
#.((#..#####..<.@##########
#...#.......#####.........#
#####.......# #gg.......+
............# #.........#
##..........# #g........#
######.....# #.........#
####### #..g......#
#.........# #.........###


You could see a gnoll bouda and 3 gnolls.

Vanquished Creatures
  A howler monkey (D:6)
  An orc (D:6)
2 creatures vanquished.

Notes
Turn   | Place    | Note
-------+----------+-------------------------------------------
     0 | D:5      | Esekla the Coglin Delver began the quest for the Orb.
     0 | D:5      | Reached XP level 1. HP: 18/18 MP: 1/1
     7 | D:5      | Noticed an iguana
    54 | D:5      | Found Lenoleuw's Antique Weapon Emporium.
    95 | D:6      | Noticed a water moccasin
   122 | D:6      | Noticed a +0 dagger
   123 | D:6      | Noticed a +0 dagger
   124 | D:6      | Found a hide-covered altar of Uskayaw.
   170 | D:6      | Noticed a howler monkey
   186 | D:6      | Killed a howler monkey
   187 | D:6      | Reached XP level 2. HP: 10/24 MP: 2/2
   187 | D:6      | Reached XP level 3. HP: 13/29 MP: 3/3
   363 | D:6      | HP: 1/29 [gnoll/+0 halberd[a gnoll bouda] (11)]
   364 | D:6      | Mangled by a gnoll

Illustrated notes

Levels and vault maps discovered:
D:5:      layout_loops_cross, serial_shops, shop, moated_statue, uniq_sigmund,
          uniq_ijyb
D:6:      layout_gridville, dancing_weapons_uskayaw, minmay_misc_feat_five,
          small_statue_intersection, corexii_hall_statues_t

Action                     || total
---------------------------++-------
  Melee: Dagger            ||    12
         Hand axe          ||    11
 Armour: Leather armour    ||    11
  Dodge: Dodged            ||     5

Table legend: (Time is in decaauts)
 A = Elapsed time spent in this place.
 B = Non-inter-level travel time spent in this place.
 C = Inter-level travel time spent in this place.
 D = Time resting spent in this place.
 E = Time spent auto-exploring this place.
 F = Levels seen in this place.
 G = Mean time per level.
                   A        B        C        D        E       F      G
               +--------+--------+--------+--------+--------+-----+--------+
         Total |    365 |    365 |      0 |    102 |     22 |   2 |  182.5 |
       Dungeon |    365 |    365 |      0 |    102 |     22 |   2 |  182.5 |
               +--------+--------+--------+--------+--------+-----+--------+

Top non-repeatable levels by time:
     D:6: 248 daAuts
     D:5: 116 daAuts
